 Dungeon Crawl Stone Soup version 0.25-a0-737-g26c3a87c45 (webtiles) character file.

Game seed: 17330784818046987877, levelgen mode: deterministic

361193 DavidChitty2 the Messiah (level 22, -4/211 HPs)
             Began as a Hill Orc Fighter on Apr 6, 2020.
             Was the Champion of Beogh.
             Shot with a bolt by a yaktaur (6 damage)
             ... on level 1 of the Depths on Apr 12, 2020.
             The game lasted 01:35:07 (46208 turns).

DavidChitty2 the Messiah (Hill Orc Fighter)        Turns: 46208, Time: 01:35:08

Health: -4/211     AC: 40    Str: 27    XL:     22   Next: 45%
Magic:  34/36      EV:  8    Int:  8    God:    Beogh [******]
Gold:   2293       SH: 26    Dex: 12    Spells: 21/21 levels left

rFire    . . .     SeeInvis .   a - +9 broad axe (freeze)
rCold    + + .     Gourm    .   C - +0 tower shield
rNeg     . . .     Faith    .   W - +12 storm dragon scales "Gycokkid" {*Drain rElec rPois rCorr}
rPois    +         Spirit   .   s - +2 helmet
rElec    +         Reflect  +   P - +0 cloak {rC+}
rCorr    +         Harm     .   k - +0 pair of gloves
MR       ++...                  p - +0 pair of boots {Stlth+}
Stlth    ..........             J - amulet "Joibo Anuhu" {Reflect +Inv rC+ SH+2 Stlth+}
HPRegen  0.45/turn              H - +3 ring of slaying
MPRegen  0.25/turn              l - ring of protection from magic

@: very slightly contaminated, recalling
A: walk on water
}: 2/15 runes: serpentine, barnacled
a: Smiting, Stop Recall, Give Item to Named Follower, Resurrection, Renounce
Religion, Evoke Invisibility


You were on level 1 of the Depths.
You worshipped Beogh.
Beogh was exalted by your worship.
You were hungry.

You visited 7 branches of the dungeon, and saw 37 of its levels.
You also visited: Ossuary and Ice Cave.

You collected 3914 gold pieces.
You spent 1621 gold pieces at shops.

Inventory:

Hand Weapons
 a - a +9 broad axe of freezing (weapon)
   (You took it off Vashnia on level 4 of the Snake Pit)
 b - the +7 whip of the Kidney {vorpal, rPois rF+ SInv}
   (You found it on level 1 of the Depths)

   It inflicts extra damage upon your enemies.
   It protects you from fire.
   It protects you from poison.
   It lets you see invisible.
Missiles
 A - 6 throwing nets (quivered) {!f}
Armour
 k - a +0 pair of gloves (worn)
   (You found it on level 1 of the Dungeon)
 o - a +0 buckler of fire resistance
   (You took it off the Enchantress on level 1 of the Depths)
 p - a +0 pair of boots of stealth (worn)
   (You found it on level 2 of the Dungeon)
 s - a +2 helmet (worn)
   (You took it off Robin on level 4 of the Dungeon)
 C - a +0 tower shield (worn)
   (You took it off Louise on level 15 of the Dungeon)
 P - a +0 cloak of cold resistance (worn)
   (You found it in an ice cave)
 W - the +12 storm dragon scales "Gycokkid" (worn) {*Drain rElec rPois rCorr}
   (You acquired it on level 6 of the Lair of Beasts)

   It insulates you from electricity.
   It protects you from poison.
   It provides partial protection from all sources of acid and corrosion.
   It causes draining when unequipped.
Jewellery
 g - an uncursed ring of positive energy
   (You found it on level 3 of the Vaults)
 i - an uncursed ring of protection from fire
   (You found it on level 1 of the Dungeon)
 l - a ring of protection from magic (right hand)
   (You bought it in a shop on level 2 of the Snake Pit)
 q - an uncursed ring of resist corrosion
   (You found it on level 4 of the Shoals)
 z - an uncursed ring of see invisible
   (You found it on level 4 of the Snake Pit)
 H - a +3 ring of slaying (left hand)
   (You found it on level 7 of the Dungeon)
 J - the amulet "Joibo Anuhu" (around neck) {Reflect +Inv rC+ SH+2 Stlth+}
   (You bought it in a shop on level 2 of the Orcish Mines)

   [amulet of reflection]

   It shields you and reflects attacks.
   It protects you from cold.
   It lets you turn invisible.
   It affects your SH (+2).
   It makes you more stealthy.
Wands
 c - a wand of disintegration (34)
   (You found it on level 3 of the Lair of Beasts)
 m - a wand of clouds (3)
   (You took it off Ijyb on level 4 of the Dungeon)
 t - a wand of flame (28)
   (You found it on level 5 of the Dungeon)
 u - a wand of paralysis (16)
   (You found it on level 4 of the Shoals)
 v - a wand of digging (5)
   (You found it on level 11 of the Dungeon)
 x - a wand of acid (23)
   (You found it on level 9 of the Dungeon)
 I - a wand of scattershot (4)
   (You found it on level 2 of the Snake Pit)
 U - a wand of polymorph (21)
   (You found it on level 4 of the Snake Pit)
 X - a wand of enslavement (35)
   (You found it on level 1 of the Lair of Beasts)
Scrolls
 d - a scroll of enchant weapon
 f - 4 scrolls of fear
 h - 5 scrolls of teleportation {@r4}
 j - 7 scrolls of magic mapping
 y - 8 scrolls of immolation {!r}
 D - 6 scrolls of enchant armour
 F - 18 scrolls of remove curse {@r2}
 O - 12 scrolls of identify {@r1}
 Q - 2 scrolls of vulnerability {!r}
 R - 4 scrolls of fog
 T - 2 scrolls of blinking
Potions
 n - 5 potions of magic
 r - 6 potions of cancellation
 w - 20 potions of curing {@q1}
 B - 5 potions of haste {@q3}
 E - a potion of berserk rage
 G - 4 potions of resistance
 K - 6 potions of might
 M - 9 potions of lignification {!q}
 N - 3 potions of heal wounds {@q2}
 S - 3 potions of invisibility
 V - 7 potions of mutation {!q}
 Y - a potion of ambrosia
Miscellaneous
 L - a phantom mirror
Comestibles
 e - 56 rations {!d}


   Skills:
 + Level 20.4 Fighting
 - Level 18.0 Axes
 + Level 19.0 Armour
 + Level 20.8 Shields
 + Level 21.7 Invocations
 - Level 10.0 Evocations


You had 21 spell levels left.
You didn't know any spells.
Your spell library contained the following spells:

 Spells                   Type           Power        Failure   Level  Hunger
 Beastly Appendage        Tmut           #.....       92%         1    ##.....
 Shock                    Conj/Air       #...         92%         1    ##.....
 Blink                    Tloc           N/A          98%         2    ###....
 Passwall                 Tmut/Erth      #.......     98%         2    ###....
 Shroud of Golubria       Chrm/Tloc      #.....       98%         2    ###....
 Sticks to Snakes         Tmut           #.......     98%         2    ###....
 Swiftness                Chrm/Air       #.......     98%         2    ###....
 Confusing Touch          Hex            #.......     100%        3    ####...
 Gell's Gravitas          Tloc           #.........   100%        3    ####...
 Lesser Beckoning         Tloc           #.........   100%        3    ####...
 Spider Form              Tmut/Pois      #.........   100%        3    ####...
 Static Discharge         Conj/Air       #.......     100%        3    ####...
 Teleport Other           Tloc           #.......     100%        3    ####...
 Airstrike                Air            #.........   100%        4    #####..
 Ice Form                 Ice/Tmut       #.......     100%        4    #####..
 Passage of Golubria      Tloc           N/A          100%        4    #####..
 Petrify                  Tmut/Erth      #.......     100%        4    #####..
 Summon Lightning Spire   Summ/Air       #.......     100%        4    #####..
 Alistair's Intoxication  Tmut/Pois      #.......     100%        5    ######.
 Blade Hands              Tmut           #.........   100%        5    ######.
 Irradiate                Conj/Tmut      #.........   100%        5    ######.
 Lee's Rapid Deconstruct  Erth           #.........   100%        5    ######.
 Lightning Bolt           Conj/Air       #.........   100%        5    ######.
 Metabolic Englaciation   Hex/Ice        #.........   100%        5    ######.
 Silence                  Hex/Air        #.........   100%        5    ######.
 Yara's Violent Unravell  Hex/Tmut       #.........   100%        5    ######.
 Conjure Ball Lightning   Conj/Air       #.........   100%        6    #######
 Darkness                 Hex            #.........   100%        6    #######
 Deflect Missiles         Chrm/Air       #.........   100%        6    #######
 Invisibility             Hex            #.......     100%        6    #######
 Tornado                  Air            #.........   100%        9    #######


Dungeon Overview and Level Annotations

Branches:
Dungeon (15/15)            Temple (0/1) D:5            Lair (6/6) D:11
 Shoals (4/4) Lair:3        Snake (4/4) Lair:3        Slime (0/5) Lair:5
    Orc (2/2) D:11            Elf (0/3) Orc:2        Vaults (4/5) D:14
  Crypt (0/3) Vaults:3     Depths (2/5) D:15        Ossuary (visited)
  IceCv (visited)

Altars:
Cheibriados
Fedhas
Okawaru
Trog
Vehumet
Yredelemnul

Shops:
Orc:2 }=?%?   Shoals:1 =   Snake:1 :   Snake:2 [}}=   Vaults:2 }   Vaults:3 [

Portals:
Hell: Depths:1
Abyss: Depths:1
Ziggurat: Depths:1

Annotations:
D:7 2 transporters, Yorgos's ghost, novice GnFi
D:12 2 transporters, 1 runed translucent door, Puej Upn's ghost, journeyman DECj
Lair:4 exclusion: oklob plant
Lair:5 exclusion: 3 oklob plants
Shoals:1 2 transporters, Bomoishrouc's ghost, journeyman GnSk
Orc:2 3 runed translucent doors, Tenar's ghost, journeyman BaIE; hittemvvvvvvhard's ghost, journeyman DDEE
Vaults:2 3 runed translucent doors, Xiaferph's ghost, veteran GnWz
Vaults:4 Saint Roka


Message History

The deep troll bites you but does no damage.
The deep troll claws you!
* * * LOW HITPOINT WARNING * * *
The deep troll claws you but does no damage.
The yaktaur hits you but does no damage.
The stone giant hits you!!
* * * LOW HITPOINT WARNING * * *
The floating eye's stare focuses on you.
The deep troll bites you but does no damage.
The deep troll claws you!
* * * LOW HITPOINT WARNING * * *
The deep troll claws you but does no damage.
The deep troll bites you but does no damage.
The deep troll claws you but does no damage. x2
The stone giant hits you!
* * * LOW HITPOINT WARNING * * *
The yaktaur completely misses you.
The deep troll bites you but does no damage.
The deep troll claws you but does no damage. x2
The deep troll barely misses you. The deep troll completely misses you.
The deep troll claws you but does no damage.
The stone giant hits you but does no damage.
The yaktaur barely misses you.
The deep troll bites you but does no damage.
The deep troll claws you but does no damage. x2
You can move again.
You feel much better.
The deep troll bites you but does no damage.
You block the deep troll's attack. x2; You block the stone giant's attack.
You block the yaktaur's attack.
The deep troll bites you but does no damage.
The deep troll claws you but does no damage. x2
The deep troll bites you but does no damage.
You block the deep troll's attack. x2; The stone giant hits you!!
* * * LOW HITPOINT WARNING * * *
You block the yaktaur's attack. The deep troll bites you!
* * * LOW HITPOINT WARNING * * *
You block the deep troll's attack.
The deep troll claws you but does no damage.
You climb upwards.
There is a stone staircase leading down, spattered with blood here.
Blink to where?
You are very lightly contaminated with residual magic.
As you read the scroll of blinking, it crumbles to dust.
You begin recalling your allies.
Ugbert is recalled.
Marbork is recalled.
Olfik is recalled.
The stone giant throws a large rock.
The large rock hits Olfik!!!
The yaktaur wields a +0 arbalest.
The yaktaur shoots a bolt.
The bolt barely misses Olfik.
The bolt hits you.
You die...

....≈≈≈≈≈≈≈#.(.((.#
###
....≈≈≈≈≈≈≈##.....#
##≈##
###≈≈≈≈≈≈≈≈###.(..#
##≈≈≈##
....≈≈≈≈≈≈≈# #[(..#
##≈≈≈≈≈##
....≈≈≈≈≈≈≈# #..[(#
##≈≈≈≈≈≈≈#
....#≈≈≈≈≈≈# #.#'##
##≈≈≈≈≈≈≈≈#
....##≈≈≈≈## #..)#
#≈≈≈≈≈≈≈≈≈#
....###≈≈## ##.o#
#≈≈≈≈≈≈≈≈≈#
....###### #.@#
#≈≈≈≈≈≈≈≈≈# ≈≈≈♣.≈#
#oo# #≈≈≈≈≈≈≈≈≈#
÷.÷.### #..#
##≈≈≈≈≈≈≈≈# ≈≈≈♣≈##
#..# ##≈≈≈≈≈≈≈#
.≈≈.≈.### #.T#
##≈≈≈≈≈## o≈≈.≈.≈.#
#.C# ####)≈≈##
.#♣≈.##.#######.T#
#...)...##
≈♣≈♣≈≈.........c§#
#..))....###
≈.≈..............#
#..#).#.....


You could see a stone giant, 2 deep trolls, a yaktaur, the friendly Ugbert the
orc warlord, the friendly Marbork the orc knight and the friendly Olfik the orc
knight.

Vanquished Creatures
  Boris (Vaults:2)
  Bai Suzhen (Vaults:2)
  Vashnia (Snake:4)
  the Enchantress (Depths:1)
  Nikola (Depths:1)
  Jorgrun (Shoals:3)
  A tentacled monstrosity (Depths:2)
  A lich (Depths:1)
  Asterion (Depths:1)
  2 krakens (Shoals:1)
  Frances (D:14)
  A sphinx (Depths:2)
  4 tengu reavers
  2 fire giants
  A storm dragon (Vaults:4)
  7 nagarajas
  6 frost giants
  4 vault wardens
  A curse skull (Vaults:3)
  An orc warlord (Vaults:2)
  2 deep elf sorcerers
  A ghoul (Vaults:3)
  3 spriggan defenders (Depths:1)
  6 ironheart preservers
  11 stone giants
  2 entropy weavers
  A deep elf demonologist (Vaults:1)
  A deep elf annihilator (Vaults:1)
  2 merfolk javelineers
  A minotaur (Vaults:2)
  9 ettins
  Josephine (D:10)
  5 fire dragons
  A jiangshi (Vaults:3)
  6 merfolk impalers
  3 great orbs of eyes
  8 yaktaur captains
  4 rakshasas
  6 vault guards
  8 centaur warriors
  3 ice dragons
  A spriggan air mage (Depths:1)
  13 naga warriors
  4 hydras
  3 merfolk aquamancers
  A catoblepas (D:14)
  3 merfolk avatars (Shoals:1)
  3 alligator snapping turtles
  Erica (D:9)
  8 ogre magi
  11 anacondas
  2 death knights
  42 two-headed ogres
  2 satyrs (Shoals:4)
  5 tengu warriors
  10 deep troll earth magi
  7 deep troll shamans
  2 death yaks (Lair:2)
  A spriggan berserker (Depths:1)
  2 vampire magi (Depths:1)
  7 shock serpents
  3 deep elf knights
  13 naga sharpshooters
  5 skeletal warriors
  8 sea snakes
  A shadow wraith (Vaults:3)
  5 salamander mystics
  2 iron trolls (Depths:1)
  3 unseen horrors
  A deep troll (shapeshifter) (Vaults:2)
  6 hell knights (Depths:1)
  18 deep trolls
  A flayed ghost (Vaults:2)
  A glowing orange brain (Vaults:4)
  7 naga ritualists
  A wizard (Depths:1)
  An unseen horror (shapeshifter) (Depths:1)
  3 deep elf archers
  2 phantasmal warriors
  13 ironbrand convokers
  3 necromancers
  23 harpies
  5 orc knights
  9 deep elf magi
  4 wolf spiders
  6 mana vipers
  34 ugly things
  11 fauns
  An oklob plant (Lair:6)
  A salamander (shapeshifter) (Vaults:2)
  3 manticores
  2 orc sorcerers
  11 salamanders
  An ice statue (IceCv)
  8 cyclopes
  29 black mambas
  2 guardian serpents (Snake:2)
  11 vault sentinels
  3 water nymphs
  Psyche (D:9)
  9 naga magi
  12 merfolk sirens
  A spiny frog (shapeshifter) (Depths:1)
  A gargoyle (D:13)
  A rime drake (Lair:3)
  9 spiny frogs
  A guardian serpent (shapeshifter) (D:15)
  8 komodo dragons
  25 yaktaurs
  2 kobold demonologists
  4 freezing wraiths
  2 tengu conjurers (Depths:1)
  14 polar bears (IceCv)
  8 trolls
  3 wind drakes (Shoals:2)
  A hornet (shapeshifter) (Vaults:1)
  22 merfolk
  A troll (shapeshifter) (Vaults:1)
  2 tyrant leeches (Lair:6)
  20 slime creatures
  3 hornets
  A slime creature (shapeshifter) (Depths:2)
  10 blink frogs
  10 hippogriffs
  8 dream sheep
  6 snapping turtles
  A spriggan (Depths:1)
  4 redbacks
  7 wraiths
  24 water elementals
  3 wyverns
  39 yaks
  Eustachio (D:4)
  3 hungry ghosts
  A basilisk (shapeshifter) (Vaults:4)
  3 vampire mosquitoes (Lair:6)
  A harpy simulacrum (D:14)
  A soldier ant (shapeshifter) (Vaults:3)
  Edmund (D:4)
  3 acid dragons
  54 nagas
  2 soldier ants
  4 wargs
  3 black bears
  16 orc warriors
  5 porcupines
  6 water moccasins
  2 ice beasts
  4 sky beasts
  A hornet zombie (D:13)
  2 necrophages
  A phantom (D:14)
  8 boggarts
  23 ogres
  An elf zombie (Vaults:3)
  15 wolves
  11 centaurs
  6 crocodiles
  A big kobold (D:14)
  Blork the orc (D:4)
  17 bullfrogs
  A human skeleton (Vaults:3)
  3 scorpions
  21 killer bees
  3 wights (D:15)
  3 electric eels
  5 howler monkeys
  9 crimson imps
  2 human simulacra
  3 hounds
  A quasit (D:13)
  3 centaur zombies
  2 human zombies
  Crazy Yiuf (D:4)
  A bullfrog zombie (D:7)
  10 jellies
  5 orc priests
  12 orc wizards
  A bullfrog skeleton (D:4)
  4 centaur skeletons
  3 iguanas
  Ijyb (D:4)
  3 worker ants
  A big kobold zombie (Ossuary)
  A hound skeleton (D:5)
  5 mummies (Ossuary)
  4 worker ant zombies
  Robin (D:4)
  12 adders
  3 gnolls (D:4)
  2 shadow imps
  8 oozes
  An adder zombie (D:5)
  2 adder skeletons
  4 worms
  4 dart slugs
  11 leopard geckos
  54 orcs
  2 ball pythons
  10 bats
  9 giant cockroaches
  A gnoll zombie (Ossuary)
  16 goblins
  13 hobgoblins
  13 jackals
  14 kobolds
  8 quokkas
  5 frilled lizards
  3 goblin zombies
  A hobgoblin zombie (Ossuary)
  A kobold zombie (Ossuary)
  A leopard gecko zombie (D:9)
  An orc zombie (Ossuary)
  12 rats
  4 fungi
  12 plants
  6 tentacles
1314 creatures vanquished.

Vanquished Creatures (collateral kills)
  Saint Roka (Vaults:4)
  A sphinx (Depths:1)
  A kraken (Shoals:3)
  Roxanne (D:15)
  A nagaraja (Snake:4)
  A fire giant (Vaults:4)
  Louise (D:15)
  2 ironheart preservers
  A deep elf annihilator (Vaults:3)
  An ettin (Vaults:4)
  Snorg (D:14)
  2 merfolk javelineers (Shoals:4)
  A minotaur (Vaults:2)
  3 merfolk impalers (Shoals:4)
  3 hydras
  2 yaktaur captains
  2 fire dragons (Vaults:3)
  2 vault guards
  A merfolk avatar (Shoals:4)
  3 anacondas
  8 two-headed ogres
  A centaur warrior (D:15)
  2 merfolk aquamancers (Shoals:4)
  A death knight (Vaults:3)
  A deep troll shaman (Depths:2)
  5 ogre magi
  4 death yaks (Lair:2)
  2 orc high priests (Orc:2)
  A naga sharpshooter (Snake:3)
  An iron troll (Depths:2)
  A flayed ghost (Vaults:2)
  2 sea snakes
  A skeletal warrior (Vaults:1)
  2 deep trolls (Depths:2)
  A necromancer (Vaults:4)
  2 naga ritualists
  6 harpies
  A wizard (Vaults:2)
  9 ugly things
  A harpy (shapeshifter) (Vaults:1)
  4 orc knights
  A mana viper (Snake:4)
  A wolf spider (D:15)
  A manticore (Shoals:4)
  5 fauns (Shoals:4)
  3 slime creatures
  2 cyclopes
  A human skeleton (Vaults:3)
  4 elephants (Lair:3)
  2 naga magi (Snake:3)
  4 black mambas
  3 vault sentinels
  A merfolk siren (Lair:3)
  15 spiny frogs
  A gargoyle (D:15)
  2 komodo dragons (Lair:6)
  2 rime drakes
  2 freezing wraiths (Vaults:3)
  A kobold demonologist (D:14)
  A yaktaur (D:15)
  4 trolls
  2 ice devils (Lair:2)
  A polar bear (shapeshifter) (Vaults:3)
  7 merfolk
  2 hornets (Depths:1)
  A polar bear (Lair:5)
  A queen bee (Lair:3)
  2 wind drakes (Shoals:4)
  A tyrant leech (Lair:6)
  10 blink frogs
  3 snapping turtles
  3 hippogriffs
  A shadow (D:15)
  A redback (Vaults:4)
  2 centaur simulacra
  2 spriggans (Depths:1)
  A spriggan (shapeshifter) (D:15)
  A wyvern (Lair:2)
  A water elemental (Shoals:4)
  2 wraiths
  5 basilisks
  23 yaks
  4 vampire mosquitoes
  2 wargs
  A naga (Snake:3)
  9 water moccasins
  A porcupine (Lair:1)
  A human zombie (Vaults:4)
  An ice beast (D:15)
  6 orc warriors
  6 ogres
  9 wolves
  A centaur (D:12)
  4 crocodiles
  10 bullfrogs
  15 killer bees (Lair:3)
  2 electric eels (Lair:6)
  11 jellies (Lair:5)
  2 orc priests
  A hound (D:14)
  3 orc wizards
  A worker ant (D:12)
  A shadow imp (D:14)
  14 orcs
  A kobold (D:15)
  11 fungi
  60 plants
392 creatures vanquished.

Vanquished Creatures (others)
  A stone giant (Vaults:2)
  A centaur warrior (Vaults:1)
  An ogre mage (Vaults:4)
  18 orc knights
  4 orc high priests
  3 naga sharpshooters
  A shadow wraith (Vaults:4)
  A salamander mystic (Snake:4)
  A wizard (Vaults:3)
  3 orc sorcerers
  A cyclops (Shoals:1)
  A deep elf mage (Vaults:4)
  An ugly thing (Depths:2)
  A manticore (Shoals:4)
  A black mamba (Snake:3)
  4 yaktaurs
  4 nagas
  17 orc priests
  21 orc warriors
  2 bullfrogs (Lair:6)
  11 orc wizards
  30 orcs
  8 fungi
  72 plants
  11 tentacles
  4 withered plants (Orc:2)
223 creatures vanquished.

Grand Total: 1929 creatures vanquished

Notes
Turn   | Place    | Note
-------+----------+-------------------------------------------
     0 | D:1      | DavidChitty2 the Hill Orc Fighter began the quest for the
                  | Orb.
     0 | D:1      | Reached XP level 1. HP: 19/19 MP: 1/1
    38 | D:1      | Reached XP level 2. HP: 20/27 MP: 2/2
   301 | D:1      | Reached XP level 3. HP: 31/33 MP: 3/3
  1029 | D:2      | Reached XP level 4. HP: 40/40 MP: 4/4
  1581 | D:2      | Reached XP level 5. HP: 43/47 MP: 5/5
  2426 | D:3      | Noticed an ogre
  2435 | D:3      | Killed an ogre
  2435 | D:3      | Reached skill level 5 in Axes
  2435 | D:3      | Reached XP level 6. HP: 29/53 MP: 6/6
  3075 | D:4      | Noticed Robin
  3087 | D:4      | Reached skill level 5 in Fighting
  3120 | D:4      | Noticed Ijyb
  3121 | D:4      | Killed Robin
  3137 | D:4      | Killed Ijyb
  3137 | D:4      | Reached XP level 7. HP: 53/61 MP: 7/7
  3339 | D:4      | Noticed Edmund
  3383 | D:4      | Killed Edmund
  3383 | D:4      | Reached skill level 5 in Shields
  3639 | D:4      | Reached skill level 5 in Armour
  4030 | D:4      | Noticed Blork the orc
  4035 | D:4      | Killed Blork the orc
  4177 | D:4      | Found a runed translucent door.
  4178 | D:4      | Noticed Crazy Yiuf
  4261 | D:4      | Noticed Eustachio
  4473 | D:4      | Killed Eustachio
  4473 | D:4      | Reached XP level 8. HP: 67/70 MP: 8/8
  4823 | D:4      | Killed Crazy Yiuf
  4882 | D:5      | Entered Level 5 of the Dungeon
  4908 | D:5      | Found a staircase to the Ecumenical Temple.
  5589 | D:5      | Found a snail-covered altar of Cheibriados.
  5665 | D:6      | Found a sand-covered staircase.
  5681 | Ossuary  | Entered an ossuary
  6269 | D:6      | Reached XP level 9. HP: 56/79 MP: 9/9
  6723 | D:6      | Reached skill level 10 in Axes
  6752 | D:6      | Became a worshipper of Beogh the Brigand
  6908 | D:7      | Found a transporter.
  6912 | D:7      | Noticed Yorgos's ghost (novice GnFi)
  6924 | D:7      | Found a transporter.
  6927 | D:7      | Noticed a moth of wrath
  7007 | D:7      | Reached skill level 1 in Invocations
  7237 | D:7      | Reached skill level 2 in Invocations
  7609 | D:7      | Reached * piety under Beogh
  7855 | D:8      | Reached skill level 3 in Invocations
  7938 | D:8      | Reached skill level 4 in Invocations
  7981 | D:8      | Reached XP level 10. HP: 77/87 MP: 13/13
  8530 | D:9      | Reached skill level 5 in Invocations
  8609 | D:9      | Noticed Psyche
  8621 | D:9      | Killed Psyche
  8705 | D:9      | Reached ** piety under Beogh
  8758 | D:9      | Reached skill level 6 in Invocations
  9061 | D:9      | Noticed Erica
  9072 | D:9      | Killed Erica
  9251 | D:10     | Entered Level 10 of the Dungeon
  9257 | D:10     | Noticed Josephine
  9266 | D:9      | Reached skill level 7 in Invocations
  9469 | D:10     | Reached XP level 11. HP: 92/97 MP: 16/16
  9505 | D:10     | Killed Josephine
  9505 | D:10     | Reached skill level 8 in Invocations
  9829 | D:10     | Noticed a two-headed ogre
 10237 | D:9      | Killed a two-headed ogre
 10746 | D:11     | Reached *** piety under Beogh
 10974 | D:11     | Noticed a cyclops
 10982 | D:11     | Killed a cyclops
 11188 | D:11     | Reached skill level 9 in Invocations
 11280 | D:11     | Got a crude falchion
 11308 | D:11     | Found the +5 robe of Night {Dark MR+ SInv}
 11313 | D:11     | Found a staircase to the Lair.
 11813 | D:11     | Found a staircase to the Orcish Mines.
 11934 | Lair:1   | Entered Level 1 of the Lair of Beasts
 12170 | Lair:1   | Noticed a seven-headed hydra
 12179 | Lair:1   | Killed a seven-headed hydra
 12852 | Lair:2   | Reached skill level 10 in Fighting
 12852 | Lair:2   | Reached skill level 10 in Invocations
 12860 | Lair:2   | Reached XP level 12. HP: 91/106 MP: 19/19
 12886 | Lair:2   | Found a frozen archway.
 12908 | IceCv    | Entered an ice cave
 13029 | IceCv    | Reached **** piety under Beogh
 13834 | IceCv    | Reached skill level 11 in Invocations
 14024 | IceCv    | Noticed a frost giant
 14050 | IceCv    | Killed a frost giant
 14497 | IceCv    | Reached skill level 15 in Axes
 14903 | Lair:2   | Reached skill level 10 in Shields
 14945 | Lair:2   | Noticed a death yak
 14946 | Lair:2   | Noticed a death yak
 14947 | Lair:2   | Noticed a death yak
 14947 | Lair:2   | Noticed a death yak
 14947 | Lair:2   | Noticed a death yak
 14948 | Lair:2   | Noticed a death yak
 14954 | Lair:2   | Killed a death yak
 14957 | Lair:2   | Killed a death yak
 14957 | Lair:2   | Reached skill level 10 in Armour
 14960 | Lair:2   | Killed a death yak
 14962 | Lair:2   | Killed a death yak
 14967 | Lair:2   | Killed a death yak
 14967 | Lair:2   | Reached XP level 13. HP: 68/116 MP: 21/21
 15951 | Lair:3   | Reached ***** piety under Beogh
 16001 | Lair:3   | Gained Borgoth as an ally
 16109 | Lair:3   | Found a staircase to the Shoals.
 16241 | Lair:3   | Reached skill level 12 in Invocations
 16277 | Lair:3   | You fall into a shaft and drop 2 floors!
 16382 | Lair:4   | Found a blossoming altar of Fedhas.
 16644 | Lair:3   | Gained Boderik as an ally
 16663 | Lair:3   | Found a staircase to the Snake Pit.
 17850 | Lair:5   | Gained Ugbert as an ally
 17966 | Lair:5   | Your ally Borgoth died
 18149 | Lair:5   | Gained Arkwar as an ally
 18165 | Lair:5   | Identified a scroll of acquirement
 18362 | Lair:5   | Got a smoking iron ring
 18375 | Lair:5   | Identified the ring of Contentment {rElec MP+9 Dex+2} (You
                  | found it on level 5 of the Lair of Beasts)
 18465 | Lair:5   | Found a staircase to the Slime Pits.
 18669 | Lair:6   | Entered Level 6 of the Lair of Beasts
 18678 | Lair:6   | Reached ****** piety under Beogh
 18726 | Lair:6   | Reached XP level 14. HP: 96/126 MP: 23/23
 19211 | Lair:6   | Reached skill level 13 in Invocations
 19473 | Lair:6   | Got a faintly glowing robe
 19683 | Lair:6   | Identified the +12 storm dragon scales "Gycokkid" {*Drain
                  | rElec rPois rCorr} (You acquired it on level 6 of the Lair
                  | of Beasts)
 19683 | Lair:6   | Identified the ring of Xusil {rC+ Int+5} (You acquired it
                  | on level 6 of the Lair of Beasts)
 19933 | Lair:6   | Found the +7 sceptre of Torment {pain, torment}
 20506 | D:12     | Identified Dimpi's Collected Works on Changing and the Oath
 20560 | D:12     | Gained Ugbert as an ally
 20603 | D:12     | Found a transporter.
 20607 | D:12     | Noticed Puej Upn's ghost (journeyman DECj)
 20619 | D:12     | Found a transporter.
 21026 | D:12     | Found a runed translucent door.
 21030 | D:12     | Noticed a tengu reaver
 21450 | D:13     | Gained Brunolf as an ally
 21538 | D:13     | Found a basalt altar of Yredelemnul.
 21544 | D:13     | Got a shimmering hand axe
 21545 | D:13     | Identified the +9 hand axe "Beast's Regret" {vorpal, rC+++
                  | MR- Str+5} (You found it on level 13 of the Dungeon)
 22290 | D:14     | Found a gate to the Vaults.
 22315 | D:14     | Your ally Arkwar died
 22319 | D:14     | Noticed Snorg
 22323 | D:14     | Reached XP level 15. HP: 133/135 MP: 25/25
 22333 | D:14     | Killed Snorg
 22506 | D:14     | Noticed Frances
 22513 | D:14     | Killed Frances
 22513 | D:14     | Reached skill level 14 in Invocations
 22785 | D:14     | Gained Horkud as an ally
 22946 | D:14     | Your ally Horkud died
 23479 | D:15     | Entered Level 15 of the Dungeon
 23494 | D:15     | Got an ichor-stained robe
 23605 | D:15     | Noticed Louise
 23606 | D:15     | Paralysed by an orc sorcerer for 4 turns
 23638 | D:15     | Killed Louise
 24058 | D:15     | Found a staircase to the Depths.
 24132 | D:15     | Identified Roxanne's Compendium of Parts Unknown
 24132 | D:15     | Noticed Roxanne
 24151 | D:15     | Killed Roxanne
 24296 | D:15     | Found a radiant altar of Vehumet.
 24710 | Orc:1    | Entered Level 1 of the Orcish Mines
 24798 | Orc:1    | You fall into a shaft and drop 1 floor!
 24798 | Orc:2    | Entered Level 2 of the Orcish Mines
 24798 | Orc:2    | Found Zoariv's Gadget Shoppe.
 24807 | Orc:2    | Reached skill level 15 in Invocations
 24899 | Orc:2    | Found a staircase to the Elven Halls.
 25454 | Orc:2    | Found a runed translucent gate.
 25455 | Orc:2    | Found a runed translucent gate.
 25464 | Orc:2    | Found a runed translucent gate.
 25476 | Orc:2    | Reached skill level 15 in Shields
 25479 | Orc:2    | Noticed Tenar's ghost (journeyman BaIE)
 25479 | Orc:2    | Noticed hittemvvvvvvhard's ghost (journeyman DDEE)
 25616 | Orc:2    | Gained Orbeogh as an ally
 25622 | Orc:2    | Your ally Orbeogh died
 25646 | Orc:2    | Found Akuelopyps's Jewellery Shoppe.
 25646 | Orc:2    | Found Ycoa's Magic Scroll Boutique.
 25648 | Orc:2    | Found Joqeu's Magic Scroll Boutique.
 25648 | Orc:2    | Found Oshrem's Food Shoppe.
 25659 | Orc:2    | Bought the amulet "Joibo Anuhu" {Reflect +Inv rC+ SH+2
                  | Stlth+} for 313 gold pieces
 25975 | Orc:2    | Bought a phantom mirror for 330 gold pieces
 25975 | Orc:2    | Bought a wand of acid (9) for 286 gold pieces
 25975 | Orc:2    | Bought a wand of acid (7) for 242 gold pieces
 26270 | Lair:3   | Upgraded the game from 0.25-a0-719-gde951dce62 to
                  | 0.25-a0-730-g633e9c3c14
 26271 | Snake:1  | Entered Level 1 of the Snake Pit
 26271 | Snake:1  | Found Liomil's Book Boutique.
 26300 | Snake:1  | Reached skill level 1 in Evocations
 26300 | Snake:1  | Reached XP level 16. HP: 128/147 MP: 27/27
 27757 | Snake:2  | Found Tiuproq's Armour Shoppe.
 28077 | Snake:2  | Found Allott's Jewellery Shoppe.
 28077 | Snake:2  | Found Ynkid's Gadget Boutique.
 28078 | Snake:2  | Found Qoceod's Gadget Boutique.
 28565 | Snake:3  | Noticed a nagaraja
 28584 | Snake:3  | Killed a nagaraja
 28584 | Snake:3  | Reached skill level 15 in Fighting
 28895 | Snake:3  | Gained Olfik as an ally
 28898 | Snake:3  | Reached skill level 16 in Invocations
 29212 | Snake:3  | Noticed a nagaraja
 29213 | Snake:3  | Noticed a nagaraja
 29227 | Snake:3  | Killed a nagaraja
 29238 | Snake:3  | Killed a nagaraja
 29248 | Snake:3  | Gained Berold as an ally
 29255 | Snake:3  | Your ally Brunolf died
 30016 | Snake:4  | Entered Level 4 of the Snake Pit
 30016 | Snake:4  | Noticed a nagaraja
 30020 | Snake:4  | Got a serpentine rune of Zot
 30022 | Snake:4  | Noticed a nagaraja
 30027 | Snake:4  | Noticed a nagaraja
 30043 | Snake:4  | Reached skill level 5 in Evocations
 30483 | Snake:4  | Reached XP level 17. HP: 147/156 MP: 29/29
 30900 | Snake:4  | Noticed Vashnia
 30904 | Snake:4  | Killed Vashnia
 31861 | Snake:4  | Reached skill level 17 in Invocations
 32131 | Snake:4  | Gained Gorg as an ally
 32154 | Snake:4  | Your ally Gorg died
 33051 | Shoals:1 | Entered Level 1 of the Shoals
 33310 | Lair:3   | Upgraded the game from 0.25-a0-730-g633e9c3c14 to
                  | 0.25-a0-733-gf7d8cd8a05
 33449 | Snake:2  | Bought an uncursed ring of protection from magic for 450
                  | gold pieces
 33649 | Shoals:1 | Found Irantisa's Jewellery Shop.
 33650 | Shoals:1 | Reached skill level 15 in Armour
 33772 | Shoals:1 | Noticed a kraken
 33780 | Shoals:1 | Killed a kraken
 33789 | Shoals:1 | Reached XP level 18. HP: 166/166 MP: 30/30
 34003 | Shoals:1 | Identified the +6 trident "Gusokipo" {vorpal, *Drain rN+
                  | Int+5}
 34005 | Shoals:1 | Noticed Bomoishrouc's ghost (journeyman GnSk)
 34008 | Shoals:1 | Identified the +7 demon trident of the Unliving {antimagic,
                  | +Rage rF+ rC- MR+}
 34014 | Shoals:1 | Found a bloodstained altar of Trog.
 34034 | Shoals:1 | Found a transporter.
 34138 | Shoals:1 | Found a transporter.
 34526 | Shoals:2 | Gained Gorg as an ally
 34529 | Shoals:2 | Gained Warbeogh as an ally
 34689 | Shoals:2 | Gained Korbok as an ally
 35269 | Shoals:3 | Got a dazzling buckler
 35363 | Shoals:3 | Noticed Jorgrun
 35367 | Shoals:3 | Killed Jorgrun
 35781 | Shoals:3 | Your ally Warbeogh died
 35782 | Shoals:3 | Your ally Gorg died
 35784 | Shoals:3 | Your ally Korbok died
 35977 | Shoals:4 | Entered Level 4 of the Shoals
 36015 | Shoals:4 | Gained Olfik as an ally
 36031 | Shoals:4 | Reached skill level 18 in Invocations
 36111 | Shoals:4 | Your ally Olfik died
 36160 | Shoals:4 | Gained Rocco as an ally
 36193 | Shoals:4 | Your ally Rocco died
 36421 | Shoals:4 | Identified the ring of Dazih {rF+ Stlth+}
 36454 | Shoals:4 | Gained Boderik as an ally
 36475 | Shoals:4 | Reached XP level 19. HP: 165/177 MP: 32/32
 36533 | Shoals:4 | Gained Nordag as an ally
 36800 | Shoals:4 | Got a barnacled rune of Zot
 37262 | Vaults:1 | Entered Level 1 of the Vaults
 37392 | Vaults:1 | Gained Worak as an ally
 37406 | Vaults:1 | Gained Bolgrim as an ally
 37432 | Vaults:1 | Reached skill level 10 in Evocations
 38150 | Vaults:1 | Reached skill level 19 in Invocations
 38709 | Vaults:2 | Noticed Boris
 38717 | Vaults:2 | Your ally Worak died
 38727 | Vaults:2 | Killed Boris
 38785 | Vaults:2 | Reached XP level 20. HP: 142/187 MP: 33/33
 38864 | Vaults:2 | Found a runed translucent gate.
 38864 | Vaults:2 | Found a runed translucent gate.
 38864 | Vaults:2 | Found a runed translucent gate.
 38864 | Vaults:2 | Noticed Xiaferph's ghost (veteran GnWz)
 38982 | Vaults:2 | Gained Bogwik as an ally
 39311 | Vaults:2 | Found Sonnimint's Gadget Shop.
 39481 | Vaults:2 | Gained Marbaugh as an ally
 39485 | Vaults:2 | Your ally Marbaugh died
 39534 | Vaults:2 | Gained Zartorak as an ally
 39914 | Vaults:2 | Noticed Bai Suzhen
 39920 | Vaults:2 | Killed Bai Suzhen
 40149 | Vaults:2 | Found an iron altar of Okawaru.
 40227 | Vaults:3 | Got a jewelled short sword
 40661 | Vaults:3 | Found a staircase to the Crypt.
 40784 | Vaults:3 | Gained Marbork as an ally
 40933 | Vaults:3 | Found Dullejabb's Antique Armour Boutique.
 40974 | Vaults:3 | Reached skill level 20 in Invocations
 41255 | Vaults:3 | Gained Gorg as an ally
 41265 | Vaults:3 | Gained Oruk as an ally
 41405 | Vaults:3 | Gained Zorug as an ally
 41888 | Vaults:4 | Noticed Saint Roka
 41900 | Vaults:4 | Your ally died
 42125 | Vaults:4 | Reached XP level 21. HP: 198/198 MP: 35/35
 42221 | Vaults:4 | Gained Boldo as an ally
 42279 | Vaults:4 | Your ally Zorug died
 42494 | Vaults:4 | Got a shimmering leather armour
 42495 | Vaults:4 | Identified the +0 leather armour of Iczuddai {Str+4 SInv}
                  | (You found it on level 4 of the Vaults)
 43161 | Depths:1 | Entered Level 1 of the Depths
 43162 | Depths:1 | Upgraded the game from 0.25-a0-733-gf7d8cd8a05 to
                  | 0.25-a0-737-g26c3a87c45
 43610 | Depths:1 | Identified the +0 executioner's axe of Bodily Harmony
                  | {freeze, MP+9}
 44043 | Depths:1 | Found a one-way gate to the infinite horrors of the Abyss.
 44090 | Depths:1 | Reached skill level 21 in Invocations
 44445 | Depths:1 | Got an iridescent whip
 44464 | Depths:1 | Identified the +7 whip of the Kidney {vorpal, rPois rF+
                  | SInv} (You found it on level 1 of the Depths)
 44492 | Depths:1 | Noticed Nikola
 44522 | Depths:1 | Killed Nikola
 44834 | Depths:1 | Gained Berold as an ally
 45039 | Depths:1 | Noticed Asterion
 45043 | Depths:1 | Killed Asterion
 45044 | Depths:1 | Found a gateway to Hell.
 45082 | Depths:1 | Reached XP level 22. HP: 172/209 MP: 31/36
 45159 | Depths:1 | Found a gateway to a ziggurat.
 45172 | Depths:1 | Noticed the Enchantress
 45188 | Depths:1 | Gained Boldo as an ally
 45191 | Depths:1 | Your ally Boldo died
 45195 | Depths:1 | Killed the Enchantress
 45413 | Depths:1 | Got a polished chain mail
 45780 | Depths:2 | Noticed a juggernaut
 45816 | Depths:2 | Your ally Berold died
 46149 | Depths:2 | Gained Herok as an ally
 46149 | Depths:2 | Gained Boderik as an ally
 46153 | Depths:2 | Your ally Herok died
 46162 | Depths:2 | Your ally Boderik died
 46199 | Depths:2 | Paralysed by a floating eye for 4 turns
 46205 | Depths:2 | HP: 1/211 [deep troll (14)]
 46208 | Depths:1 | Shot with a bolt by a yaktaur

Levels and vault maps discovered:
D:1:      grunt_arrival_lava_bath, layout_loops_corners, feat_on_display
D:2:      minmay_spotlight, layout_basic, first_ration
D:3:      layout_loops_corners, minmay_unequal
D:4:      kennysheep_spiral_hall, layout_basic, uniq_ijyb,
          uniq_crazy_yiuf_cottage, uniq_robin, uniq_edmund, uniq_blork_the_orc,
          uniq_eustachio
D:5:      layout_loops_ring, lemuel_coloured_pillars_altar, temple_pool_b
D:6:      layout_cave_pools, enter_ossuary_4
D:7:      layout_loops_ring, gammafunk_ghost_berserking_beasts, minmay_bent
D:8:      layout_basic
D:9:      layout_gridville, hangedman_little_slice_of_home, uniq_erica,
          uniq_psyche
D:10:     layout_rooms, uniq_josephine
D:11:     layout_stronghold, lair_entry_dummy, erik_orc_2
D:12:     layout_long_grid, gammafunk_ghost_berserking_beasts, minmay_st_funbox
D:13:     layout_loops_ring, chequers_avenue, lemuel_statue_altar
D:14:     layout_basic, lightli_vaults_fourway_checkpoint, chequers_big_river,
          uniq_snorg, uniq_frances
D:15:     hangedman_depths_entry_civil_slaughter, layout_basic, basic_altar,
          minmay_evil_grid, uniq_louise, uniq_roxanne
Lair:1:   layout_cave_pods, st_stairs_11, serial_bayou_shore_a,
          serial_bayou_shore_b, grunt_megastairs_1
Lair:2:   layout_layer_cave, portal_ice_cave_demonic_guard
Lair:3:   layout_gridlike, elwin_shoals_entry_rooms, dummy_snake_entry,
          special_room [special_room_bee], lemuel_fruit_tree
Lair:4:   layout_regular_city, tgw_fedhas
Lair:5:   layout_regular_city, minmay_slime_entry_jelly_boxes,
          minmay_lair_oklob_chamber
Lair:6:   minmay_lair_end_frog_pond, layout_cave_pods, minmay_lair_oklob_bushes,
          lookout_lair_type, serial_bayou_shore_b
Shoals:1: layout_shoals, serial_shops, shop, gammafunk_ghost_wrathful_warriors
Shoals:2: layout_shoals
Shoals:3: layout_shoals, uniq_jorgrun
Shoals:4: shoals_end_grunt_garden, layout_shoals, shoal_ilsuiw
Snake:1:  layout_layer_cave, serial_shops, shop_fountains, minmay_snake_pond
Snake:2:  layout_grid_shapes, serial_shops, shop_statue, grunt_megastairs_3,
          minmay_shop_grove
Snake:3:  layout_misc_corridors
Snake:4:  johnstein_snake_rune_scales, layout_chambers
Orc:1:    layout_caves
Orc:2:    grunt_orc_tribal_feast, layout_caves, gammafunk_ghost_cemetery,
          serial_shops, nicolae_shop_competitors_out_of_business
Vaults:1: st_hourglassy, nicolae_vaults_little_squares_4,
          nicolae_vaults_little_squares_4, v_misc_15,
          hangedman_vaults_restitches, v_misc_5,
          nicolae_vaults_big_angled_halls, v_misc_11,
          hangedman_vaults_restitches, vaults_room_pool, layout_vaults_big_room
Vaults:2: gammafunk_vaults_ghost_fury_of_okawaru, ontoclasm_vaults_spin,
          hangedman_vaults_maws, vaults_room_stairs_pillars, v_rooms_6,
          vaults_room_octagon, v_pattern_1, layout_vaults_omnigrid,
          serial_shops, shop, uniq_boris, uniq_bai_suzhen
Vaults:3: vaults_mumra_lcd, vaults_standard_mumra_lines, ontoclasm_vaults_eye,
          nicolae_vaults_little_squares_6, minmay_crypt_entry_simple_plaza,
          nicolae_vaults_mini_display_case, ontoclasm_vaults_idyll,
          hangedman_vaults_river_flow, v_alt_pattern_6, vaults_mumra_hex,
          nicolae_vaults_rhombus_6, layout_vaults_omnicross, serial_shops, shop
Vaults:4: v_rooms_3, hangedman_vaults_stretched_pinwheel,
          ontoclasm_vaults_ring_square, grunt_vaults_twisty,
          nicolae_vaults_alarming, grunt_vaults_trifunnel, v_misc_28,
          vaults_room_pool, vaults_dpeg_diagonal,
          vaults_mumra_minichess_inversion, vaults_room_stairs_pillars,
          v_alt_pattern_4, layout_vaults_maze, uniq_saint_roka
Depths:1: layout_basic, enter_ziggurat_d, chequers_serial_rivers_marsh,
          hell_entry, abyss_entry_crystal, hangedman_abyss_or_decor_stagger,
          drop_trap, minmay_hollow_rounded_squares, uniq_nikola, uniq_asterion,
          uniq_enchantress
Depths:2: hangedman_box_tower, layout_twisted_cross, grunt_hell_entry_dis_mu,
          infiniplex_staircase_zigzag_5

Skill      XL: |  1  2  3  4  5  6  7  8  9 10 11 12 13 14 15 16 17 18 19 20 21 22 |
---------------+-------------------------------------------------------------------+-----
Axes           | 3 4 5 6 7 9 11 12 13 15 16 18 | 18.0
Fighting       | 4 5 6 7 8 9 10 11 12 13 14 15 16 17 18 19 20 | 20.4
Shields        | 4 5 6 7 8 9 10 11 13 15 16 17 18 19 20 | 20.8
Armour         | 4 5 6 7 8 9 10 11 12 13 14 15 16 17 18 19 | 19.0
Invocations    | 4 7 10 11 12 13 15 16 17 18 19 20 21 | 21.7
Evocations     | 1 5 7 9 10 | 10.0

Action                   |  1- 3 |  4- 6 |  7- 9 | 10-12 | 13-15 | 16-18 | 19-21 | 22-24 || total
-------------------------+-------+-------+-------+-------+-------+-------+-------+-------++-------
Melee: War axe           |   107 |   229 |   481 |   657 |  1073 |   794 |       |       ||  3341
       Flail             |       |       |       |     6 |     5 |       |       |       ||    11
       Broad axe         |       |       |       |       |       |   456 |   969 |   189 ||  1614
Invok: Convert to Beogh  |       |       |     1 |       |       |       |       |       ||     1
       Smiting           |       |       |       |     4 |    31 |    23 |    43 |       ||   101
       Recall Orcish Fol |       |       |       |       |    16 |     6 |     1 |     1 ||    24
       Stop Recall       |       |       |       |       |       |     2 |       |       ||     2
Evoke: Wand              |       |       |       |    17 |     1 |     1 |    35 |       ||    54
  Use: Scroll            |       |     7 |    13 |     6 |    14 |    11 |     3 |     4 ||    58
       Potion            |       |       |       |     2 |       |     1 |     3 |     2 ||     8
 Stab: Distracted        |       |       |       |     2 |     8 |     2 |     5 |     1 ||    18
       Confused          |       |       |       |     3 |       |       |       |       ||     3
  Eat: Chunk             |       |     8 |    13 |    12 |    29 |    19 |    22 |     3 ||   106
       Ration            |       |       |     1 |     3 |     3 |     5 |     2 |       ||    14
Armor: Scale mail        |    73 |    42 |       |       |       |       |       |       ||   115
       Plate armour      |       |    98 |   263 |   406 |   172 |       |       |       ||   939
       Storm dragon scal |       |       |       |       |   274 |   455 |   272 |   143 ||  1144
Dodge: Dodged            |    43 |    44 |    72 |   113 |   159 |   138 |   111 |    31 ||   711
Block: Kite shield       |    66 |   134 |   283 |   413 |   476 |       |       |       ||  1372
       Tower shield      |       |       |       |       |   185 |  1284 |   823 |   241 ||  2533
       Reflection        |       |       |       |       |       |   186 |    75 |    23 ||   284

Table legend:
 A = Non-vault XP
 B = Vault XP
 C = Vault XP percentage of total XP
 D = Non-vault monster count
 E = Vault monster count
 F = Vault count percentage of total count
                 A         B        C        D         E       F
            +---------+---------+-------+---------+---------+-------
      Total |  427209 |  218275 |  33.8 |    1147 |     488 |  29.8
            +---------+---------+-------+---------+---------+-------
        D:1 |      53 |       0 |   0.0 |      25 |       0 |   0.0
        D:2 |      92 |      24 |  20.7 |      32 |       6 |  15.8
        D:3 |     338 |       6 |   1.7 |      30 |       3 |   9.1
        D:4 |     237 |     576 |  70.8 |      16 |      20 |  55.6
        D:5 |     437 |       0 |   0.0 |      13 |       0 |   0.0
        D:6 |     938 |       2 |   0.2 |      18 |       2 |  10.0
        D:7 |     909 |     217 |  19.3 |      20 |       5 |  20.0
        D:8 |    1215 |       0 |   0.0 |      23 |       0 |   0.0
        D:9 |    2408 |    1947 |  44.7 |      23 |      12 |  34.3
       D:10 |    1642 |    1317 |  44.5 |      28 |       2 |   6.7
       D:11 |    1428 |     660 |  31.6 |      15 |      18 |  54.5
       D:12 |    6019 |       0 |   0.0 |      29 |       0 |   0.0
       D:13 |    7723 |       0 |   0.0 |      32 |       0 |   0.0
       D:14 |   13361 |    6747 |  33.6 |      36 |      14 |  28.0
       D:15 |    6055 |   10135 |  62.6 |      28 |      15 |  34.9
     Lair:1 |    2463 |     480 |  16.3 |      10 |       2 |  16.7
     Lair:2 |    6196 |     523 |   7.8 |      23 |       2 |   8.0
     Lair:3 |    5803 |    2512 |  30.2 |      35 |      27 |  43.5
     Lair:4 |    3901 |       0 |   0.0 |      20 |       0 |   0.0
     Lair:5 |    4163 |     921 |  18.1 |      22 |      20 |  47.6
     Lair:6 |    8182 |    8735 |  51.6 |      33 |      45 |  57.7
   Shoals:1 |   19231 |       0 |   0.0 |      36 |       0 |   0.0
   Shoals:2 |   16807 |       0 |   0.0 |      34 |       0 |   0.0
   Shoals:3 |   14004 |    3278 |  19.0 |      29 |       1 |   3.3
   Shoals:4 |   17933 |   15866 |  46.9 |      42 |      32 |  43.2
    Snake:1 |   15106 |     193 |   1.3 |      31 |       5 |  13.9
    Snake:2 |   10988 |    2638 |  19.4 |      20 |       6 |  23.1
    Snake:3 |   23100 |       0 |   0.0 |      38 |       0 |   0.0
    Snake:4 |   18783 |   39490 |  67.8 |      36 |      65 |  64.4
      Orc:1 |    2446 |       0 |   0.0 |      22 |       0 |   0.0
      Orc:2 |    3092 |    2446 |  44.2 |      11 |      10 |  47.6
   Vaults:1 |   45839 |   18137 |  28.3 |      83 |      25 |  23.1
   Vaults:2 |   21896 |   24288 |  52.6 |      33 |      19 |  36.5
   Vaults:3 |   37450 |   13027 |  25.8 |      66 |      24 |  26.7
   Vaults:4 |   32714 |   14494 |  30.7 |      52 |      29 |  35.8
   Depths:1 |   55468 |   27543 |  33.2 |      76 |      22 |  22.4
   Depths:2 |   18789 |   12596 |  40.1 |      27 |       8 |  22.9
    Ossuary |       0 |     210 | 100.0 |       0 |      13 | 100.0
      IceCv |       0 |    9267 | 100.0 |       0 |      36 | 100.0
            +---------+---------+-------+---------+---------+-------
